 Dungeon Crawl Stone Soup version 0.31-a0-176-g91f28db67f (webtiles) character file.

Game seed: 2871694726673803269

178 qw the Chopper (level 5, -1/32 HPs)
             Began as a Gargoyle Fighter on June 17, 2023.
             Slain by Pikel
             ... wielding a +0 whip of flaming
              (3 damage)
             ... on level 4 of the Dungeon.
             The game lasted 00:01:06 (2216 turns).

qw the Chopper (Gargoyle Fighter)                   Turns: 2216, Time: 00:01:07

Health: -1/32      AC: 14    Str: 21    XL:     5   Next: 58%
Magic:  5/5        EV:  9    Int:  9    God:
Gold:   84         SH:  4    Dex:  9    Spells: 4/4 levels left

rFire   + . .        Y - +0 war axe
rCold   . . .        c - +0 buckler
rNeg    + . .        b - +0 scale mail
rPois   inf          (no helmet)
rElec   +            (no cloak)
rCorr   .            (no gloves)
SInv    .            g - +2 pair of boots
Will    +....        (no amulet) Stlth
                     h - ring of protection from fire
HPRegen 0.25/turn    l - ring of willpower
MPRegen 0.09/turn

%: no passive effects
@: no status effects
A: sickness immunity, AC +4, negative energy resistance 1, electricity
resistance, torment resistance 1, petrification resistance
a: no special abilities


You were on level 4 of the Dungeon.
You visited 1 branch of the dungeon, and saw 4 of its levels.

You collected 84 gold pieces.


Innate Abilities, Weirdness & Mutations

You are immune to sickness and miasma.
Your stone body is resilient. (AC +4)
You are immune to poison.
You resist negative energy. (rN+)
You are resistant to electric shocks. (rElec)
You are resistant to unholy torment.
You are immune to petrification.


   Skills:
 + Level 3.3 Fighting
 - Level 5.1 Axes
 - Level 3.2 Armour
 - Level 3.2 Shields


You had 4 spell levels left.
You didn't know any spells.
Your spell library was empty.

Inventory:

Hand Weapons
 f - a +0 flail
 Y - a +0 war axe (weapon)
Armour
 b - a +0 scale mail (worn)
 c - a +0 buckler (worn)
 g - a +2 pair of boots (worn)
Jewellery
 h - a ring of protection from fire (left hand)
 l - a ring of willpower (right hand)
Scrolls
 a - a scroll of identify
 j - 2 scrolls of enchant armour
Potions
 d - a potion of might
 k - a potion of lignification
 m - a potion of mutation

Dungeon Overview and Level Annotations

Branches:
Dungeon (4/15)
 Temple: D:4-7

Altars:

Annotations:
D:4 Pikel


Message History

Pikel says, "It's all about the gold, really."
You block Pikel's attack.
Pikel hits you with a +0 whip of flaming.
You closely miss Pikel.
Pikel is moderately wounded.
Pikel barely misses you.
You hit Pikel.
Pikel is moderately wounded.
You block Pikel's attack.
You barely miss Pikel.
Pikel is moderately wounded.
Pikel hits you but does no damage.
You hit Pikel.
Pikel is heavily wounded.
Pikel hits you with a +0 whip of flaming.
Pikel burns you. Pikel hits you but does no damage.
You closely miss Pikel.
Pikel is heavily wounded.
Pikel hits you but does no damage.
You hit Pikel.
Pikel is heavily wounded.
Pikel closely misses you.
You hit Pikel.
Pikel is severely wounded.
Pikel hits you but does no damage. Pikel closely misses you.
You barely miss Pikel.
Pikel is severely wounded.
Pikel hits you with a +0 whip of flaming.
Pikel burns you.
You hit Pikel but do no damage.
Pikel is severely wounded.
Pikel closely misses you.
You slash Pikel!
Pikel is almost dead.
Pikel hits you with a +0 whip of flaming.
Pikel misses you.
You barely miss Pikel.
Pikel is almost dead.
Pikel hits you with a +0 whip of flaming.
You die...

.# ~.#
#~.# ~~.#
# ....#
#.####...#
#....KS#
#@# #.#
#.# #.#
#.# #.#
#.# #.#
#.# ###
#.# ##.#


You could see Pikel and a ball python.

Vanquished Creatures
  4 lemures (D:4)
  A scorpion (D:4)
  An iguana (D:2)
  3 gnolls (D:2)
  An adder (D:2)
  A worm (D:2)
  A dart slug (D:2)
  3 ball pythons
  4 bats
  7 endoplasms
  A giant cockroach (D:2)
  3 goblins (D:2)
  4 hobgoblins
  6 jackals (D:2)
  2 quokkas
  4 frilled lizards
  4 kobolds
  4 rats
54 creatures vanquished.

Notes
Turn   | Place    | Note
-------+----------+-------------------------------------------
     0 | D:1      | qw the Gargoyle Fighter began the quest for the Orb.
     0 | D:1      | Reached XP level 1. HP: 14/14 MP: 1/1
     0 | D:1      | 0 ||| qw: Version: 0.3-a-5-g6f28e65
     0 | D:1      | 0 ||| qw: Game counter: 469
     0 | D:1      | 0 ||| qw: Always use a shield: true
     0 | D:1      | 0 ||| qw: God list: Okawaru
     0 | D:1      | 0 ||| qw: Allow faded altars: false
     0 | D:1      | 0 ||| qw: Do Orc after D:15 true
     0 | D:1      | 0 ||| qw: Do second Lair branch before Depths: true
     0 | D:1      | 0 ||| qw: Lair rune preference: random
     0 | D:1      | 0 ||| qw: Plans: Normal, Zot:1-4, Slime:5, God:TSO, Crypt,
                  | Tomb, Abyss, Pan, Hells, Win
     0 | D:1      | 0 ||| PLANNING D:1-11
    25 | D:1      | 25 ||| Stepping ~*~*~tactically~*~*~ (stealth).
    44 | D:1      | Reached skill level 2 in Axes
    45 | D:1      | 45 ||| Stepping ~*~*~tactically~*~*~ (stealth).
   256 | D:1      | Reached XP level 2. HP: 19/19 MP: 2/2
   679 | D:1      | 679 ||| UPGRADING to ring of protection from fire.
   680 | D:1      | 680 ||| UPGRADING to ring of willpower.
   681 | D:1      | 681 ||| READING scroll labelled KAMY GYWEARGHUSIGE.
   682 | D:1      | 682 ||| READING scroll labelled LOAD KIC ZAC.
   683 | D:1      | 683 ||| READING 2 scrolls labelled ROLORO ROFREFA.
   684 | D:1      | 684 ||| READING scroll labelled YWIACA CEZXOA.
   685 | D:1      | 685 ||| DROPPING scroll of immolation.
   832 | D:2      | Found a faded altar of an unknown god.
   861 | D:2      | 861 ||| Stepping ~*~*~tactically~*~*~ (stealth).
   868 | D:2      | Reached skill level 3 in Axes
   868 | D:2      | Reached XP level 3. HP: 20/23 MP: 3/3
   899 | D:2      | 899 ||| DROPPING +0 whip.
  1088 | D:2      | 1088 ||| Stepping ~*~*~tactically~*~*~ (hiding).
  1165 | D:2      | Reached XP level 4. HP: 22/28 MP: 4/4
  1615 | D:2      | Reached skill level 4 in Axes
  1829 | D:2      | Reached XP level 5. HP: 15/32 MP: 5/5
  1923 | D:2      | 1923 ||| UPGRADING to +2 pair of boots.
  1928 | D:2      | 1928 ||| READING 4 scrolls labelled YMIEFR QOIFI.
  1929 | D:2      | 1929 ||| READING scroll labelled QAANOT PYKOBOT.
  1930 | D:2      | 1930 ||| READING scroll labelled YRUIZY INAULEL.
  1934 | D:2      | 1934 ||| DRINKING 2 fizzy ruby potions.
  1967 | D:2      | 1967 ||| READING 3 scrolls of identify.
  1967 | D:2      | 1967 ||| IDENTIFYING puce potion
  1968 | D:2      | 1968 ||| READING 2 scrolls of identify.
  1968 | D:2      | 1968 ||| IDENTIFYING bubbling orange potion
  1969 | D:2      | 1969 ||| DROPPING potion of degeneration.
  2014 | D:3      | You fall into a shaft and drop 1 floor!
  2032 | D:4      | Reached skill level 5 in Axes
  2063 | D:4      | Noticed a lemure
  2071 | D:4      | Killed a lemure
  2077 | D:4      | Noticed a lemure
  2087 | D:4      | Noticed a lemure
  2090 | D:4      | Killed a lemure
  2098 | D:4      | Killed a lemure
  2184 | D:4      | Noticed a lemure
  2194 | D:4      | Noticed Pikel
  2198 | D:4      | Killed a lemure
  2209 | D:4      | HP: 8/32 [Pikel/+0 whip of flaming (1)]
  2213 | D:4      | HP: 3/32 [Pikel/+0 whip of flaming (1)]
  2216 | D:4      | Slain by Pikel

Levels and vault maps discovered:
D:1:      mrwooster_arrival_statue_3, layout_loops_ring, minmay_pentomino_q4
D:2:      layout_basic, basic_ecumenical_altar, small_statue_intersection,
          minivault_26, st_stairs_2, minmay_divided_ellipse
D:3:      layout_basic, nicolae_overflow_hidden_temple, xom_butterflies,
          gammafunk_ghost_smash, grunt_decor_one_mirror, uniq_ijyb
D:4:      layout_loops_ring, minmay_misc_feat_cross, minmay_manual_mullet,
          uniq_pikel, uniq_menkaure

Skill      XL: |  1  2  3  4  5 |
---------------+----------------+-----
Axes           | 2 3 4 5 |  5.1
Fighting       | |  3.3
Armour         | |  3.2
Shields        | |  3.2

Action                     |  1- 3 |  4- 6 || total
---------------------------+-------+-------++-------
  Melee: War axe           |    85 |   120 ||   205
    Use: Scroll            |     4 |     5 ||     9
         Potion            |       |     1 ||     1
 Armour: Scale mail        |    40 |    62 ||   102
  Dodge: Dodged            |    49 |    44 ||    93
  Block: Buckler           |    14 |    19 ||    33

Table legend:
 A = Non-vault XP
 B = Vault XP
 C = Vault XP percentage of total XP
 D = Non-vault monster count
 E = Vault monster count
 F = Vault count percentage of total count
                 A         B        C        D         E       F
            +---------+---------+-------+---------+---------+-------
      Total |     183 |      72 |  28.2 |      31 |      19 |  38.0
            +---------+---------+-------+---------+---------+-------
        D:1 |      11 |       6 |  35.3 |       8 |       4 |  33.3
        D:2 |      87 |      66 |  43.1 |      21 |      15 |  41.7
        D:4 |      85 |       0 |   0.0 |       2 |       0 |   0.0
            +---------+---------+-------+---------+---------+-------
